[Event "ICC Open 2015"]
[Site "Internet Chess Club"]
[Date "2015.05.29"]
[Round "7"]
[White "gonesailing"]
[Black "Autenticman"]
[Result "1-0"]
[ICCResult "Black resigns"]
[WhiteElo "1627"]
[BlackElo "1805"]
[Opening "KGA: Quaade gambit"]
[ECO "C37"]
[NIC "KG.01"]
[Time "20:37:54"]
[TimeControl "180+0"]

1. e4 e5 2. f4 exf4 3. Nf3 g5 4. Nc3 Bg7 5. d4 Ne7 6. g3 fxg3 7. hxg3 h6 8.
Be3 d5 9. e5 Bg4 10. Bg2 Nf5 11. Qd2 Nc6 12. Bf2 Qd7 13. O-O-O O-O-O 14. Kb1
Kb8 15. a3 Rhe8 16. Rde1 Re7 17. Nh2 Bh5 18. g4 Bg6 19. gxf5 Bxf5 20. Bxd5
f6 21. Bxc6 Qxc6 22. Qe3 fxe5 23. dxe5 b6 24. Nf3 Rde8 25. Nd4 Qg6 26. Nxf5
Qxf5 27. Bg3 Re6 28. Qd4 Qf7 29. Rhf1 Qe7 30. Qa4 Rd8 31. Nb5 a5 32. Qc4 Qd7
33. Nc3 Rc6 34. Qb3 Qd2 35. e6 Re8 36. Nb5 Rc5 37. Nxc7 Rxc7 38. Bxc7+ Kxc7
39. Rf7+ Kc6 40. Qa4+ b5 41. Qe4+ Kb6 42. Rxg7 Qd6 43. Qb7+ Kc5 44. Rc7+ Kd4
45. Rd1+ Ke5 46. Rxd6 Kxd6 47. Qc6+ Ke5 48. Qxe8 {Black resigns} 1-0

[Event "ICC Open 2015"]
[Site "Internet Chess Club"]
[Date "2015.05.29"]
[Round "7"]
[White "bythebook"]
[Black "ncc-1701"]
[Result "0-1"]
[ICCResult "White forfeits on time"]
[WhiteElo "1722"]
[BlackElo "2058"]
[Opening "Sicilian: Canal-Sokolsky attack, 3...Bd7"]
[ECO "B52"]
[NIC "SI.01"]
[Time "20:37:59"]
[TimeControl "180+0"]

1. e4 c5 2. Nf3 d6 3. Bb5+ Bd7 4. Qe2 Nf6 5. c3 g6 6. d4 cxd4 7. cxd4 Bg7 8.
Nc3 O-O 9. O-O a6 10. Bd3 b5 11. d5 Bg4 12. h3 Bxf3 13. Qxf3 Nbd7 14. Qe2
Rc8 15. Bg5 Ne5 16. Rac1 Nxd3 17. Qxd3 Nd7 18. Rc2 Ne5 19. Qe2 Nc4 20. Nd1
Qd7 21. b3 Na3 22. Rxc8 Rxc8 23. Ne3 h6 24. Bh4 a5 25. Qd2 b4 26. Rc1 Nb5
27. Rxc8+ Qxc8 28. Nc4 Qc7 29. Kh1 Nc3 30. f3 Qa7 31. Bf2 Qc7 32. Bb6 Qd7
33. Bxa5 Qb5 34. Bd8 Qb7 35. Ba5 Nb1 36. Qd3 Nc3 37. Qd2 Qa7
{White forfeits on time}
0-1

[Event "ICC Open 2015"]
[Site "Internet Chess Club"]
[Date "2015.05.29"]
[Round "7"]
[White "depressnyak"]
[Black "VerdeNotte"]
[Result "1/2-1/2"]
[ICCResult "Game drawn because neither player has mating material"]
[WhiteElo "3211"]
[BlackElo "2940"]
[Opening "Queen's pawn: London system"]
[ECO "A45"]
[NIC "QP.07"]
[Time "20:37:12"]
[TimeControl "180+0"]

1. d4 Nf6 2. Bf4 g6 3. Nc3 d5 4. Qd2 Bg7 5. O-O-O a6 6. Bh6 Bxh6 7. Qxh6 Qd6
8. f3 Bf5 9. g4 Be6 10. Nh3 Nc6 11. e3 O-O-O 12. a3 Kb8 13. Nf4 Bc8 14. g5
Nh5 15. Nxh5 gxh5 16. Qxh5 e5 17. Kb1 exd4 18. exd4 h6 19. h4 Qf4 20. Ne2
Qe3 21. Rd3 Qf2 22. gxh6 Rde8 23. Qxd5 Rxh6 24. Qxf7 Rxe2 25. Bxe2 Qxe2 26.
Qf8 Re6 27. h5 Re8 28. Qf4 Rg8 29. Rd2 Qe8 30. h6 Rf8 31. Qg3 Bf5 32. h7 Rh8
33. d5 Bxh7 34. Re1 Qd8 35. d6 Ka8 36. d7 Bf5 37. Red1 Rh7 38. Qf4 Rxd7 39.
Rxd7 Bxd7 40. Qf7 Nb8 41. f4 c6 42. f5 Qc8 43. f6 Be8 44. Qe7 Bg6 45. f7 Qf5
46. Rc1 Qxf7 47. Qxf7 Bxf7 48. Rf1 Bd5 49. Rf8 b5 50. b3 Kb7 51. Rh8 Nd7 52.
Rh7 Kc7 53. Kb2 Kd6 54. Rh6+ Kc7 55. Kc3 c5 56. Rh7 Bc6 57. Rh6 Kb6 58. b4
a5 59. bxa5+ Kxa5 60. Rxc6 b4+ 61. axb4+ cxb4+ 62. Kb3 Kb5 63. Rd6 Nc5+ 64.
Ka2 Na4 65. Rd5+ Nc5 66. Kb2 Kc4 67. Rxc5+ Kxc5 68. Kb3 Kb5 69. c3 bxc3 70.
Kxc3 {Game drawn because neither player has mating material} 1/2-1/2

[Event "ICC Open 2015"]
[Site "Internet Chess Club"]
[Date "2015.05.29"]
[Round "7"]
[White "siso"]
[Black "warlord1"]
[Result "1-0"]
[ICCResult "Black resigns"]
[WhiteElo "1694"]
[BlackElo "1531"]
[Opening "Philidor's defense"]
[ECO "C41"]
[NIC "KP.08"]
[Time "20:37:47"]
[TimeControl "180+0"]

1. e4 d6 2. Nf3 e5 3. d4 Qe7 4. d5 c5 5. c4 a6 6. Nbd2 h6 7. a3 g6 8. b4 b6
9. Bb2 Bg7 10. Bd3 Qc7 11. O-O Ne7 12. Rc1 f5 13. exf5 gxf5 14. Bb1 O-O 15.
Re1 Nd7 16. Nf1 Nf6 17. Ng3 e4 18. Bxf6 Bxf6 19. Nd2 Bd4 20. Qh5 Bg7 21.
Ndf1 Bd7 22. Ne3 Be8 23. Qh3 Bg6 24. f4 Kh7 25. Nh5 Bd4 26. Kh1 Ng8 27. g4
fxg4 28. Qxg4 Bxe3 29. Rxe3 Bf5 30. Qh4 Qf7 31. Rg1 Bg6 32. Rxg6 Qxg6 33.
Bxe4 Rf5 34. Ng3 Raf8 35. Nxf5 Rxf5 36. Qh3 Ne7 37. Rg3 Qf6 38. Bxf5+ Nxf5
39. Rg1 Qd4 40. Qxf5+ {Black resigns} 1-0

[Event "ICC Open 2015"]
[Site "Internet Chess Club"]
[Date "2015.05.29"]
[Round "7"]
[White "rookfish"]
[Black "jewels2"]
[Result "0-1"]
[ICCResult "White forfeits on time"]
[WhiteElo "1053"]
[BlackElo "1339"]
[Opening "Ruy Lopez: open (Tarrasch) defense"]
[ECO "C80"]
[NIC "RL.27"]
[Time "20:37:13"]
[TimeControl "180+0"]

1. e4 e5 2. Nf3 Nc6 3. Bb5 a6 4. Ba4 Nf6 5. O-O Nxe4 6. Bxc6 bxc6 7. d4 exd4
8. Re1 d5 9. Nxd4 Be7 10. Nxc6 Qd7 11. Ne5 Qd6 12. Re3 Qxe5 13. Qf3 Bc5 14.
Rxe4 Qxe4 15. Qxe4+ dxe4 16. Nc3 f5 17. Bg5 O-O 18. Nd5 Bb6 19. Nxb6 cxb6
20. c4 Bb7 21. Be3 Rfd8 22. h3 Rd3 23. Bxb6 Kf7 24. Re1 Rc8 25. b3 Rd2 26.
Be3 Rxa2 27. Rd1 Bc6 28. Rd6 a5 29. Bg5 Rb2 30. c5 Rxb3 31. Bd8 a4 32. Rd4
a3 33. Ba5 a2 34. Rd1 Rb1 35. Rf1 a1=Q 36. Re1 Rxe1+ 37. Kh2 Qxa5 38. Kg3
Qd2 39. Kh2 Rf1 40. Kg3 Qxf2+ 41. Kh2 Qg1+ 42. Kg3 f4+ 43. Kg4 Qxg2+ 44. Kf5
g6+ 45. Ke5 Re8+ 46. Kd6 Re6+ 47. Kc7 Qc2 48. Kc8 Qxc5 49. Kc7 e3 50. h4
Qd6+ 51. Kb6 Bg2+ 52. Kb5 Rc1 53. Ka4 Qb8 {White forfeits on time} 0-1

[Event "ICC Open 2015"]
[Site "Internet Chess Club"]
[Date "2015.05.29"]
[Round "7"]
[White "Talion"]
[Black "EpicEffects"]
[Result "1-0"]
[ICCResult "Black forfeits on time"]
[WhiteElo "2863"]
[BlackElo "2300"]
[Opening "Queen's pawn: London system"]
[ECO "A45"]
[NIC "QP.07"]
[Time "20:37:14"]
[TimeControl "180+0"]

1. d4 Nf6 2. Bf4 c5 3. d5 g6 4. Nc3 Bg7 5. e4 d6 6. Bb5+ Bd7 7. Be2 O-O 8.
a4 Na6 9. Nf3 Nh5 10. Be3 Nb4 11. Nd2 Nf6 12. O-O a6 13. a5 b5 14. axb6 Qxb6
15. Nc4 Qc7 16. h3 Bb5 17. Na5 Bxe2 18. Qxe2 Nd7 19. Nd1 c4 20. Ra4 Rab8 21.
c3 Nd3 22. Nxc4 N3c5 23. Bxc5 Nxc5 24. Ra3 Rb3 25. Rxb3 Nxb3 26. Nde3 Rb8
27. f3 a5 28. Kh1 a4 29. Na3 Qc5 30. Nec2 h5 31. Nb4 Bh6 32. Nc6 Rb7 33. f4
Na5 34. Nxa5 Qxa5 35. h4 Qb6 36. Rf2 Qc5 37. g3 Rb3 38. Kg2 Bg7 39. Qc4 Bxc3
40. Qxc5 dxc5 41. Nc4 Bd4 42. Rc2 f6 43. e5 Kf7 44. e6+ Ke8 45. Re2 Rb4 46.
Rc2 Kd8 47. g4 hxg4 48. f5 g5 49. h5 Rb3 50. h6 Rh3 51. d6 exd6 52. Nxd6 Ke7
53. Nf7 Be5 54. Nxe5 fxe5 55. Rxc5 Rxh6 56. Kg3 Kf6 57. Rc8 Rh3+ 58. Kxg4
Rh4+ 59. Kg3 Rf4 60. Rf8+ Ke7 61. Rf7+ Ke8 62. Ra7 e4 63. Rxa4 Ke7 64. Ra5
e3 65. Re5 Kf6 66. Rxe3 Rxf5 67. e7 {Black forfeits on time} 1-0

[Event "ICC Open 2015"]
[Site "Internet Chess Club"]
[Date "2015.05.29"]
[Round "7"]
[White "santiagoelawad"]
[Black "maki89"]
[Result "1/2-1/2"]
[ICCResult "White ran out of time and Black has no material to mate"]
[WhiteElo "2056"]
[BlackElo "2387"]
[Opening "English: symmetrical variation"]
[ECO "A37"]
[NIC "EO.28"]
[Time "20:37:15"]
[TimeControl "180+0"]

1. c4 g6 2. Nf3 Bg7 3. Nc3 c5 4. g3 Nc6 5. Bg2 e6 6. O-O Nge7 7. b3 O-O 8.
Bb2 d5 9. e3 b6 10. Qe2 Ba6 11. d3 Rc8 12. Rfd1 Nf5 13. Rac1 h5 14. Na4 d4
15. e4 Nfe7 16. Rb1 Qd7 17. Bc1 Rfd8 18. Bf4 f6 19. Bh3 Re8 20. e5 f5 21.
Bg2 Bb7 22. h4 Kf8 23. Ng5 Ng8 24. Nh7+ Kf7 25. Ng5+ Ke7 26. Nb2 Kd8 27. a3
Bh6 28. Re1 Bg7 29. Nd1 Nh6 30. b4 Ng4 31. bxc5 bxc5 32. f3 Ngxe5 33. Bxe5
Nxe5 34. Rxb7 Qxb7 35. f4 Qb3 36. fxe5 Ke7 37. Nh3 Qxa3 38. Nf4 Kf7 39. Nf2
Rb8 40. N2h3 Rb2 41. Ng5+ Kg8 42. Qf3 Qc3 43. Rf1 Bxe5 44. Ngxe6 Bxf4 45.
Nxf4 Qd2 46. Qd5+ Kh8 47. Nxg6+ Kg7 48. Nf4 Qe3+ 49. Kh1 Qe7 50. Nxh5+ Kh8
51. Nf4 Qe6 52. Qxe6 Rxe6 53. Nxe6 Rxg2 54. Kxg2 f4 55. Nxf4 Kg7 56. Kf3 a5
57. Ra1 a4 58. Rxa4 Kf6 59. Ra5 Ke5 60. Rxc5+ Kd6 61. Rd5+ Kc6 62. Rxd4 Kc7
63. h5 Kb7 {White ran out of time and Black has no material to mate} 1/2-1/2

[Event "ICC Open 2015"]
[Site "Internet Chess Club"]
[Date "2015.05.29"]
[Round "7"]
[White "HaraldEskilstu"]
[Black "random27182"]
[Result "1-0"]
[ICCResult "Black resigns"]
[WhiteElo "2028"]
[BlackElo "1829"]
[Opening "Sicilian: closed"]
[ECO "B23"]
[NIC "SI.44"]
[Time "20:37:39"]
[TimeControl "180+0"]

1. e4 c5 2. Nc3 g6 3. f4 Nc6 4. Nf3 Bg7 5. Bb5 Nd4 6. O-O a6 7. Bc4 e6 8. a4
Ne7 9. e5 d6 10. d3 O-O 11. Ne4 d5 12. Nf6+ Kh8 13. Nxd4 cxd4 14. Bb3 Nc6
15. f5 exf5 16. Nxd5 Nxe5 17. h3 Be6 18. Nf4 Bxb3 19. cxb3 Rc8 20. Bd2 Qd6
21. b4 b6 22. Qb3 Kg8 23. Rae1 Rfe8 24. Kh1 Nc6 25. Nd5 Ne7 26. Nxe7+ Rxe7
27. Bf4 Qd7 28. Rxe7 Qxe7 29. Qd5 Re8 30. b5 Qe2 31. Qf3 Qxf3 32. Rxf3 axb5
33. axb5 Bf8 34. Bc7 Bc5 35. b4 Re6 36. bxc5 bxc5 37. b6 Rc6 38. b7
{Black resigns}
1-0

[Event "ICC Open 2015"]
[Site "Internet Chess Club"]
[Date "2015.05.29"]
[Round "7"]
[White "supermouse"]
[Black "QuintilianoR"]
[Result "1-0"]
[ICCResult "Black forfeits on time"]
[WhiteElo "2696"]
[BlackElo "2321"]
[Opening "Queen's pawn game, Rubinstein (Colle-Zukertort) variation"]
[ECO "A04"]
[NIC "QP.10"]
[Time "20:37:17"]
[TimeControl "180+0"]

1. Nf3 c5 2. e3 Nf6 3. d4 e6 4. Bd3 d5 5. b3 Nc6 6. a3 Be7 7. O-O O-O 8. Bb2
b6 9. Nbd2 Bb7 10. Qe2 Rc8 11. Rfd1 Qc7 12. Rac1 Rfd8 13. Ne5 cxd4 14. exd4
Nxe5 15. dxe5 Nd7 16. c4 Qb8 17. b4 Qa8 18. Qg4 Nf8 19. h4 a5 20. b5 Bc5 21.
cxd5 Bxd5 22. Ne4 Bxe4 23. Bxe4 Qb8 24. Bc6 Rxd1+ 25. Rxd1 Rd8 26. a4 Ng6
27. h5 Rxd1+ 28. Qxd1 Nxe5 29. h6 gxh6 30. Qh5 Ng6 31. Qxh6 Bf8 32. Qe3 Qd8
33. Bd4 Bc5 34. Bxc5 bxc5 35. Qxc5 Qd1+ 36. Kh2 Qd2 37. Qe3 Qxe3 38. fxe3
Ne5 39. Be4 Nc4 40. Kg3 Nb6 41. Bc2 Kf8 42. Kf4 Ke7 43. Kg5 f5 44. Kh6 Kd6
45. Kxh7 Ke5 46. Bb3 Kd6 47. Kg6 Ke5 48. Kf7 Ke4 49. Bxe6 Nxa4 50. Kf6 f4
51. exf4 Kxf4 52. g4 Nb6 53. g5 a4 54. g6 a3 55. g7 {Black forfeits on time}
1-0

[Event "ICC Open 2015"]
[Site "Internet Chess Club"]
[Date "2015.05.29"]
[Round "7"]
[White "HuevosDeLeon"]
[Black "MichaelBluth"]
[Result "1-0"]
[ICCResult "Black checkmated"]
[WhiteElo "2680"]
[BlackElo "2308"]
[Opening "Queen's pawn, Mason variation"]
[ECO "D00"]
[NIC "QP.08"]
[Time "20:37:55"]
[TimeControl "180+0"]

1. d4 d5 2. Bf4 f6 3. Nf3 c5 4. e3 Nc6 5. c3 Bg4 6. Be2 e6 7. Nbd2 Bd6 8.
Qb3 Rb8 9. dxc5 Bxf4 10. exf4 Qa5 11. Bb5 Ne7 12. O-O O-O 13. Rfe1 a6 14.
Bxc6 bxc6 15. Qc2 Qxc5 16. Nd4 Qd6 17. h3 c5 18. hxg4 cxd4 19. cxd4 Nc6 20.
Nf3 Rfe8 21. Rac1 Rbc8 22. Qa4 Nb4 23. Rxc8 Rxc8 24. Qb3 a5 25. a3 Nc6 26.
f5 e5 27. dxe5 fxe5 28. Rd1 Rd8 29. Qb6 Rb8 30. Qa6 Rxb2 31. Qc8+ Qd8 32.
Qxc6 Rb6 33. Qxd5+ Qxd5 34. Rxd5 e4 35. Ng5 g6 36. Nxe4 gxf5 37. gxf5 Rb3
38. Rd7 Rxa3 39. Nf6+ Kf8 40. Nxh7+ Ke8 41. Nf6+ Kf8 42. g4 Rf3 43. Kg2 Rf4
44. Kg3 Rb4 45. g5 Rb5 46. g6 Rxf5 47. g7# {Black checkmated} 1-0

[Event "ICC Open 2015"]
[Site "Internet Chess Club"]
[Date "2015.05.29"]
[Round "7"]
[White "Cinzento"]
[Black "Smokie"]
[Result "1-0"]
[ICCResult "Black forfeits on time"]
[WhiteElo "1716"]
[BlackElo "1421"]
[Opening "Sicilian: Hungarian variation"]
[ECO "B27"]
[NIC "SI.43"]
[Time "20:38:12"]
[TimeControl "180+0"]

1. e4 c5 2. Nf3 g6 3. d4 cxd4 4. Qxd4 Nf6 5. e5 Nc6 6. Qh4 Nxe5 7. Nxe5 Qa5+
8. Nc3 Qxe5+ 9. Be2 d5 10. Bf4 Qf5 11. Bb5+ Bd7 12. O-O-O Bg7 13. Bxd7+ Qxd7
14. Bh6 O-O 15. Bxg7 Kxg7 16. Rhe1 Rac8 17. Nxd5 Nxd5 18. Qd4+ Kg8 19. Qxd5
Qa4 20. Qb3 Qxb3 21. axb3 e6 22. Rd7 Rb8 23. Red1 a6 24. R1d4 Kg7 25. Rc4 b5
26. Rcc7 Rbd8 27. Re7 h5 28. Ra7 Kf6 29. Reb7 Rd6 30. c4 b4 31. Rxb4 Rd3 32.
Kc2 Rfd8 33. Rb6 Rd2+ 34. Kc3 {Black forfeits on time} 1-0

[Event "ICC Open 2015"]
[Site "Internet Chess Club"]
[Date "2015.05.29"]
[Round "7"]
[White "RLH2"]
[Black "maly"]
[Result "1-0"]
[ICCResult "Black forfeits on time"]
[WhiteElo "2854"]
[BlackElo "2601"]
[Opening "Nimzovich-Larsen attack: Indian variation"]
[ECO "A01"]
[NIC "VO.08"]
[Time "20:37:20"]
[TimeControl "180+0"]

1. b3 Nf6 2. Bb2 e6 3. Nf3 Be7 4. e3 b6 5. c4 Bb7 6. Nc3 O-O 7. Be2 c5 8.
O-O d5 9. cxd5 Nxd5 10. Rc1 Nc6 11. Qc2 Rc8 12. Rfd1 Nxc3 13. dxc3 Qc7 14.
c4 Rfd8 15. Bc3 Bf8 16. Bd3 h6 17. Bh7+ Kh8 18. Be4 Rxd1+ 19. Rxd1 Rd8 20.
h3 Rd7 21. Qe2 Qd8 22. Rxd7 Qxd7 23. g4 Kg8 24. g5 hxg5 25. Nxg5 g6 26. h4
Nd8 27. h5 Be7 28. Bxb7 Bxg5 29. Be4 f5 30. Bg2 Kh7 31. f4 Bh6 32. hxg6+
Kxg6 33. Bf3 Bg7 34. Qg2+ Kh7 35. Qh3+ Kg8 36. Bxg7 Qxg7+ 37. Kf2 Nf7 38.
Be2 Qg6 39. Qf3 Kg7 40. Qb7 Kf6 41. Qxa7 Qh6 42. Qxb6 Qh4+ 43. Kf1 Qh1+ 44.
Kf2 Qh4+ 45. Kf1 Qh1+ 46. Kf2 Qh2+ 47. Kf3 Qh3+ 48. Kf2 Qh2+ 49. Ke1 Qg1+
50. Kd2 Qb1 51. Qxc5 Qb2+ 52. Kd1 Qb1+ 53. Kd2 Qxa2+ 54. Ke1 Qb1+ 55. Kf2
Qxb3 56. Qd4+ {Black forfeits on time} 1-0

[Event "ICC Open 2015"]
[Site "Internet Chess Club"]
[Date "2015.05.29"]
[Round "7"]
[White "manitodeplomo"]
[Black "ShadowLike"]
[Result "1-0"]
[ICCResult "Black forfeits on time"]
[WhiteElo "2632"]
[BlackElo "2299"]
[Opening "Budapest: Fajarowicz variation"]
[ECO "A51"]
[NIC "QG.01"]
[Time "20:37:30"]
[TimeControl "180+0"]

1. d4 Nf6 2. c4 e5 3. dxe5 Ne4 4. a3 b6 5. Qc2 Bb7 6. Nc3 Nxc3 7. Qxc3 a5 8.
b3 Bc5 9. Nf3 O-O 10. Bb2 Re8 11. e3 Bxf3 12. gxf3 Bf8 13. f4 Nc6 14. h4 Ne7
15. h5 Nf5 16. Bd3 Nh4 17. O-O-O c6 18. Be4 Rc8 19. Kb1 b5 20. c5 b4 21. Qc2
bxa3 22. Bxa3 a4 23. b4 Rb8 24. Ka2 Qe7 25. Bxh7+ Kh8 26. Bd3 Qe6+ 27. Bc4
Qf5 28. Qxf5 Nxf5 29. Rxd7 Nh6 30. Bxf7 Nxf7 31. Rxf7 Rb5 32. Rd1 Reb8 33.
Rdd7 Bxc5 34. bxc5 Rb3 35. Rd2 Rc3 36. Rfd7 Rbb3 37. Bb2 Rxc5 38. e6 Rcb5
39. Bxg7+ Kh7 40. e7 {Black forfeits on time} 1-0

[Event "ICC Open 2015"]
[Site "Internet Chess Club"]
[Date "2015.05.29"]
[Round "7"]
[White "Federicov"]
[Black "Dlugy"]
[Result "1-0"]
[ICCResult "Black forfeits on time"]
[WhiteElo "3126"]
[BlackElo "3029"]
[Opening "Scandinavian: Pytel-Wade variation"]
[ECO "B01"]
[NIC "SD.02"]
[Time "20:38:12"]
[TimeControl "180+0"]

1. e4 d5 2. exd5 Qxd5 3. Nc3 Qd6 4. d4 c6 5. Nf3 Bg4 6. Be3 e6 7. h3 Bh5 8.
g4 Bg6 9. Bg2 Nd7 10. Qe2 Ngf6 11. Ne5 Nd5 12. Nxd5 cxd5 13. f4 Be7 14. O-O
Be4 15. Bxe4 dxe4 16. Qb5 Rb8 17. Rae1 a6 18. Qxd7+ Qxd7 19. Nxd7 Kxd7 20.
f5 Rbc8 21. c3 Bh4 22. Bf2 Bxf2+ 23. Rxf2 h5 24. g5 Rhf8 25. Rxe4 exf5 26.
Rxf5 Rc6 27. h4 g6 28. Rd5+ Rd6 29. Rde5 Kc6 30. Re8 Rxe8 31. Rxe8 f6 32.
Kg2 fxg5 33. hxg5 Rd5 34. Re6+ Rd6 35. Re3 Rd5 36. Rg3 Rf5 37. c4 Rf4 38.
Rd3 Rg4+ 39. Kf3 Rxg5 40. b4 b6 41. a4 Rf5+ 42. Ke4 Rf7 43. b5+ axb5 44.
axb5+ Kd6 45. Rg3 Rf6 46. Rg5 Re6+ 47. Kd3 Rf6 48. c5+ bxc5 49. dxc5+ Kc7
50. Re5 Rf5 51. Re7+ Kd8 52. Rg7 Rxc5 53. b6 Rb5 54. b7 g5 55. Kc4 Rb1 56.
Kd5 g4 57. Kd6 {Black forfeits on time} 1-0

[Event "ICC Open 2015"]
[Site "Internet Chess Club"]
[Date "2015.05.29"]
[Round "7"]
[White "franco"]
[Black "pvchandu"]
[Result "1-0"]
[ICCResult "Black forfeits on time"]
[WhiteElo "1313"]
[BlackElo "1397"]
[Opening "Queen's pawn game"]
[ECO "D00"]
[NIC "QP.08"]
[Time "20:37:37"]
[TimeControl "180+0"]

1. d4 d5 2. e3 c5 3. c3 a6 4. Bd3 b5 5. Nd2 c4 6. Bc2 Nf6 7. f4 h6 8. Ngf3
Nc6 9. O-O e6 10. Rf2 Bd6 11. Qe2 b4 12. a3 b3 13. Bd1 a5 14. Ne5 Qc7 15.
Ndf3 Ne4 16. Nxc6 Nxf2 17. Qxf2 Qxc6 18. Ne5 Qc7 19. Bg4 O-O 20. Qh4 Bd7 21.
Bd2 Rac8 22. Rf1 f6 23. Ng6 Rf7 24. Bh5 Be8 25. f5 exf5 26. Rxf5 Rd7 27. Be1
a4 28. Bg3 Bxg3 29. hxg3 Bxg6 30. Bxg6 Re7 31. Kf2 Kh8 32. Rf3 Qd6 33. Bf5
g5 34. Qg4 Rce8 35. Qh5 Kg7 36. Bg6 Rd8 37. Bf5 Rde8 38. Qg6+ Kh8 39. Qxh6+
Kg8 40. Qg6+ Rg7 41. Qxe8+ Qf8 42. Qxf8+ Kxf8 43. e4 dxe4 44. Bxe4 Ke7 45.
Rf5 Kd6 46. g4 Ra7 47. Rxf6+ Ke7 48. Rf5 Ke6 49. Rxg5 Kf6 50. Rf5+ Ke7 51.
g5 {Black forfeits on time} 1-0

[Event "ICC Open 2015"]
[Site "Internet Chess Club"]
[Date "2015.05.29"]
[Round "7"]
[White "Parsifal"]
[Black "dietcoke"]
[Result "1-0"]
[ICCResult "Black checkmated"]
[WhiteElo "2429"]
[BlackElo "2161"]
[Opening "QGD Slav: Breyer variation"]
[ECO "D11"]
[NIC "SL.01"]
[Time "20:37:35"]
[TimeControl "180+0"]

1. d4 d5 2. c4 c6 3. Nf3 Nf6 4. Nbd2 Bf5 5. g3 e6 6. Bg2 h6 7. b3 Nbd7 8.
Bb2 Be7 9. O-O O-O 10. Qc1 Ne4 11. Ba3 Re8 12. Bxe7 Qxe7 13. Qb2 a5 14. e3
Qb4 15. Rfc1 Nxd2 16. Nxd2 Nf6 17. c5 a4 18. a3 Qb5 19. Rc3 Reb8 20. Bf1 Qa5
21. b4 Qc7 22. Rac1 Ne4 23. Nxe4 Bxe4 24. Be2 h5 25. b5 h4 26. f3 Bf5 27.
Kg2 h3+ 28. Kf2 g5 29. Qd2 Qe7 30. Bf1 g4 31. fxg4 Bxg4 32. R3c2 f5 33. Rb2
e5 34. dxe5 Qxe5 35. Qd4 Re8 36. Bd3 Re7 37. bxc6 bxc6 38. Rb6 Rae8 39. Rxc6
Qxd4 40. exd4 Be2 41. Bc2 Bb5 42. Rb6 Re2+ 43. Kf3 Bc4 44. Kf4 Rf2+ 45. Kg5
Re7 46. Bxf5 Rg7+ 47. Bg6 Bd3 48. Rd6 Rf5+ 49. Kh6 Rf3 50. Rd8+ Rf8 51.
Rxf8+ Kxf8 52. c6 Re7 53. c7 Ba6 54. c8=Q+ Bxc8 55. Rxc8+ Re8 56. Rxe8#
{Black checkmated}
1-0

[Event "ICC Open 2015"]
[Site "Internet Chess Club"]
[Date "2015.05.29"]
[Round "7"]
[White "El-Flippo"]
[Black "capatal1"]
[Result "0-1"]
[ICCResult "White forfeits on time"]
[WhiteElo "1327"]
[BlackElo "1461"]
[Opening "Sicilian: Scheveningen (Paulsen), classical variation"]
[ECO "B84"]
[NIC "SI.23"]
[Time "20:38:03"]
[TimeControl "180+0"]

1. e4 c5 2. Nf3 d6 3. d4 cxd4 4. Nxd4 Nf6 5. Nc3 a6 6. Be2 e6 7. Be3 Be7 8.
f3 O-O 9. Qd2 Qc7 10. g4 b5 11. g5 Nfd7 12. f4 Bb7 13. Bf3 Nc6 14. Nde2 f5
15. exf5 exf5 16. Bd5+ Kh8 17. h4 Nb4 18. Bxb7 Qxb7 19. O-O-O Nc5 20. Bxc5
dxc5 21. Qd7 Rab8 22. h5 Qxd7 23. Rxd7 Rfe8 24. a3 Nc6 25. Nd5 Bf8 26. Ng3
Nd4 27. Kb1 Rbd8 28. Rxd8 Rxd8 29. Nc7 Rd6 30. c3 Rc6 31. Nxa6 Rxa6 32. cxd4
cxd4 33. Nxf5 Bc5 34. Rd1 Ra8 35. Rd3 Rf8 36. Nxd4 Rxf4 37. Ne6 Rf1+ 38. Ka2
Be7 39. h6 gxh6 40. Rd7 Rf7 41. Nd8 Bxd8 {White forfeits on time} 0-1

[Event "ICC Open 2015"]
[Site "Internet Chess Club"]
[Date "2015.05.29"]
[Round "7"]
[White "CapilanoBridge"]
[Black "EREBUNI"]
[Result "1-0"]
[ICCResult "Black resigns"]
[WhiteElo "3173"]
[BlackElo "3064"]
[Opening "Nimzovich-Larsen attack: Indian variation"]
[ECO "A01"]
[NIC "VO.08"]
[Time "20:38:12"]
[TimeControl "180+0"]

1. b3 Nf6 2. Bb2 b6 3. d3 d5 4. g3 Bb7 5. Bg2 e6 6. Nd2 Nbd7 7. Nh3 Be7 8.
O-O e5 9. e4 O-O 10. exd5 Bxd5 11. Re1 Bxg2 12. Kxg2 Bb4 13. a3 Bxd2 14.
Qxd2 Re8 15. Qc3 Qb8 16. Qc6 Re6 17. Qf3 h6 18. Re2 c6 19. Rae1 Qc7 20. Ng1
Rae8 21. Qf5 g6 22. Qh3 Kh7 23. Nf3 Kg7 24. Qh4 Nd5 25. Nxe5 Nxe5 26. f4 f6
27. fxe5 fxe5 28. Qe4 Nf6 29. Qf3 Qd6 30. Re3 h5 31. h3 Nd5 32. Re4 Nf6 33.
R4e2 Nd5 34. Rf1 Rf6 35. Qe4 Rxf1 36. Kxf1 Kh7 37. Kg2 Nf6 38. Qf3 c5 39.
Rf2 Kg7 40. Re2 Kh7 41. Qb7+ Re7 42. Bxe5 Qd5+ 43. Qxd5 Nxd5 44. Kf3 Rf7+
45. Ke4 Ne7 46. g4 Nc6 47. Kd5 Nxe5 48. Rxe5 Rf3 49. gxh5 Rxh3 50. Re7+ Kh6
51. hxg6 Rh2 52. Rh7+ {Black resigns} 1-0

[Event "ICC Open 2015"]
[Site "Internet Chess Club"]
[Date "2015.05.29"]
[Round "7"]
[White "RaiseTheCurve"]
[Black "holderlin"]
[Result "1-0"]
[ICCResult "Black forfeits on time"]
[WhiteElo "1960"]
[BlackElo "1637"]
[Opening "Van't Kruijs opening"]
[ECO "A00"]
[Time "20:37:06"]
[TimeControl "180+0"]

1. e3 d6 2. b3 Bd7 3. Bb2 Qc8 4. f4 f6 5. Nf3 g6 6. h3 Bg7 7. c4 Nc6 8. Be2
e5 9. O-O Nge7 10. d4 e4 11. Nfd2 f5 12. a3 d5 13. Nc3 Be6 14. Qc2 O-O 15.
b4 Nd8 16. cxd5 Nxd5 17. Nxd5 Bxd5 18. Rfc1 Ne6 19. Nc4 g5 20. Ne5 gxf4 21.
exf4 Nxf4 22. Bc4 c6 23. Qf2 Bh6 24. Rc2 Bxc4 25. Rxc4 Nd3 26. Nxd3 exd3 27.
Qg3+ Kf7 28. Qxd3 Qe6 29. Rf1 Qe3+ 30. Qxe3 Bxe3+ 31. Kh1 f4 32. d5 cxd5 33.
Rc7+ Kg6 34. Rg7+ Kf5 35. g4+ Ke4 36. Re7+ Kd3 37. Kg2 Rae8 38. Rxb7 Ke2 39.
Rc7 f3+ 40. Rxf3 Rxf3 41. Rc2+ Kd3 42. Rc3+ Ke2 43. Rc2+ Kd1 44. Rc1+
{Black forfeits on time}
1-0

[Event "ICC Open 2015"]
[Site "Internet Chess Club"]
[Date "2015.05.29"]
[Round "7"]
[White "f5"]
[Black "ClockWatcher"]
[Result "1/2-1/2"]
[ICCResult "Black ran out of time and White has no material to mate"]
[WhiteElo "2130"]
[BlackElo "1846"]
[Opening "Philidor's defense"]
[ECO "C41"]
[NIC "KP.08"]
[Time "20:37:34"]
[TimeControl "180+0"]

1. e4 e5 2. Nf3 d6 3. d4 Bg4 4. Be2 Be7 5. O-O Nf6 6. Nc3 Bxf3 7. Bxf3 exd4
8. Qxd4 Nc6 9. Qa4 h6 10. Be3 O-O 11. g3 a6 12. a3 Rc8 13. Bg2 Re8 14. Bh3
Ra8 15. Rad1 b5 16. Qb3 Na5 17. Qa2 Nc4 18. Bc1 Bf8 19. b3 Nb6 20. Bg2 c5
21. e5 Rxe5 22. Bxa8 Qxa8 23. Bf4 Re6 24. Qa1 d5 25. Rfe1 d4 26. Rxe6 fxe6
27. Ne2 Qf3 28. Rd2 Nbd5 29. Qe1 Ne4 30. Rd3 Qh5 31. f3 Nef6 32. g4 Qg6 33.
Bg3 Be7 34. Nf4 Nxf4 35. Bxf4 Nd5 36. Bd2 Kf7 37. Qe4 Qf6 38. Bc1 Bd6 39.
Rd2 Bf4 40. Rd1 Bd6 41. Rf1 Qh4 42. f4 Qxg4+ 43. Qg2 Qf5 44. h3 Ne3 45. Bxe3
dxe3 46. Qf3 c4 47. bxc4 bxc4 48. Qxe3 Bc5 49. Re1 Bxe3+ 50. Rxe3 Qxf4 51.
Re2 e5 52. Rf2 g5 53. Rxf4+ exf4 54. Kf2 Ke6 55. Kf3 Kd5 56. c3 a5 57. a4
Ke5 58. h4 gxh4 59. Kg4 h3 60. Kxh3 Ke4 61. Kg4 Kd3 62. Kf3 Kxc3 63. Kxf4
Kb4 64. Ke4 Kxa4 65. Kd4 Kb3 66. Kc5 c3 67. Kb5 c2 68. Kc5 c1=Q+ 69. Kd5
{Black ran out of time and White has no material to mate}
1/2-1/2